 Dungeon Crawl Stone Soup version 0.24.1 (webtiles) character file.

Game seed: 10583856126324227489, levelgen mode: deterministic

266 Destapler the Shield-Bearer (level 6, -4/51 HPs)
             Began as a Minotaur Fighter on Mar 26, 2020.
             Splashed by Ijyb's acid (10 damage)
             ... on level 4 of the Dungeon.
             The game lasted 00:07:21 (1859 turns).

Destapler the Shield-Bearer (Minotaur Fighter)      Turns: 1859, Time: 00:07:21

Health: -4/51      AC: -1    Str: 21    XL:     6   Next: 0%
Magic:  5/5        EV: 12    Int:  5    God:
Gold:   137        SH: 10    Dex: 11    Spells: 5/5 levels left

rFire    . . .     SeeInvis .   o - -1 whip (curse)
rCold    . . .     Gourm    .   c - +0 shield
rNeg     . . .     Faith    .   b - +0 scale mail
rPois    .         Spirit   .   (helmet restricted)
rElec    .         Reflect  .   (no cloak)
rCorr    .         Harm     .   (no gloves)
MR       .....                  (no boots)
Stlth    ..........             (no amulet)
HPRegen  0.17/turn              j - +4 ring of evasion
MPRegen  0.09/turn              (no ring)

@: corroded
A: retaliatory headbutt, horns 2
a: no special abilities


You were on level 4 of the Dungeon.
You were not hungry.

You visited 1 branch of the dungeon, and saw 4 of its levels.

You collected 137 gold pieces.

Inventory:

Hand Weapons
 a - a +0 flail
 e - a +2 mace of crushing
 o - a cursed -1 whip (weapon)
Missiles
 h - 2 boomerangs
 i - 97 stones (quivered)
 l - 8 poisoned darts
 q - 2 boomerangs of dispersal
Armour
 b - a +0 scale mail (worn)
 c - a +0 shield (worn)
Jewellery
 j - a +4 ring of evasion (left hand)
Wands
 n - a wand of disintegration (5)
Scrolls
 p - a scroll of identify
Potions
 d - a potion of might
 k - a potion of flight {unknown}
 m - a potion of curing
Comestibles
 f - 7 rations
 g - 3 chunks of flesh


   Skills:
 - Level 3.6 Fighting
 + Level 5.6 Maces & Flails
 - Level 3.6 Armour
 + Level 6.2 Shields


You had 5 spell levels left.
You didn't know any spells.
Your spell library was empty.

Dungeon Overview and Level Annotations

Branches:
Dungeon (4/15)
 Temple: D:4-7

Altars:

Annotations:
D:4 Ijyb


Innate Abilities, Weirdness & Mutations

You reflexively headbutt those who attack you in melee.
You have a pair of horns on your head.


Message History

You hit Ijyb but do no damage.
Ijyb is moderately wounded.
Ijyb barely misses you.
Your shield and scale mail prevent you from hitting Ijyb.
Ijyb is moderately wounded.
You hit Ijyb but do no damage. You headbutt Ijyb.
Ijyb is heavily wounded.
Ijyb hits you but does no damage.
You barely miss Ijyb.
Ijyb is heavily wounded.
Ijyb misses you.
You closely miss Ijyb.
Ijyb is heavily wounded.
Ijyb closely misses you. You furiously retaliate!
You headbutt Ijyb. You hit Ijyb.
Ijyb is severely wounded.
Ijyb zaps a wand.
The bolt of acid hits you!
* * * LOW HITPOINT WARNING * * *
The acid corrodes you!
You are splashed with acid!
You die...

##############
#............#
#............#
#..........[.#
#............#
#............#
+...g@.......+
#............#
+......<.....#
#............#
+..........$.#
#............#
##+###########


You could see Ijyb.

Vanquished Creatures
  An ogre (D:3)
  An orc wizard (D:3)
  7 adders
  2 oozes
  A worm (D:3)
  4 leopard geckos
  6 orcs (D:3)
  4 giant cockroaches
  10 goblins
  8 hobgoblins
  7 kobolds
  3 quokkas (D:2)
  8 bats
  A frilled lizard (D:2)
  8 rats
71 creatures vanquished.

Notes
Turn   | Place    | Note
-------+----------+-------------------------------------------
     0 | D:1      | Destapler the Minotaur Fighter began the quest for the Orb.
     0 | D:1      | Reached XP level 1. HP: 19/19 MP: 0/0
   209 | D:1      | Reached skill level 4 in Shields
   209 | D:1      | Reached XP level 2. HP: 25/26 MP: 1/1
   681 | D:2      | Reached XP level 3. HP: 26/31 MP: 2/2
  1059 | D:2      | Reached XP level 4. HP: 39/39 MP: 3/3
  1136 | D:2      | Reached skill level 5 in Shields
  1354 | D:3      | Noticed an ogre
  1369 | D:3      | Killed an ogre
  1369 | D:3      | Reached skill level 5 in Maces & Flails
  1369 | D:3      | Reached XP level 5. HP: 45/45 MP: 4/4
  1570 | D:3      | Reached skill level 6 in Shields
  1810 | D:3      | Reached XP level 6. HP: 51/51 MP: 5/5
  1849 | D:4      | Noticed Ijyb
  1859 | D:4      | Splashed by Ijyb's acid

Levels and vault maps discovered:
D:1:      co_arrival_random_square_maze, layout_loops_cross,
          corexii_leaking_fountain, minmay_tripent
D:2:      cheibrodos_helix_gallery, layout_rooms
D:3:      layout_rooms
D:4:      kennysheep_slugbush, layout_basic, minmay_temple_entry_offerings,
          nicolae_ossuary_entry_catacombs, uniq_pikel, uniq_menkaure,
          uniq_robin, uniq_blork_the_orc, uniq_ijyb, uniq_grinder

Skill      XL: |  1  2  3  4  5 |
---------------+----------------+-----
Shields        | 4 5 6 |  6.2
Maces & Flails | 3 4 5 |  5.6
Fighting       | |  3.6
Armour         | |  3.6

Action                   |  1- 3 |  4- 6 || total
-------------------------+-------+-------++-------
Melee: Flail             |   104 |     2 ||   106
       Headbutt          |    15 |    22 ||    37
       Whip              |       |   117 ||   117
Throw: Stone             |       |     1 ||     1
  Use: Scroll            |       |     3 ||     3
  Eat: Chunk             |     1 |     2 ||     3
Armor: Scale mail        |    47 |    37 ||    84
Dodge: Dodged            |    37 |    57 ||    94
Block: Shield            |    56 |    59 ||   115
